 Dungeon Crawl Stone Soup version 0.26-a0-1213-gd52f5182fe (webtiles) character file.

Game seed: 13622692951156843738

266 dickylongcocking the Charlatan (level 6, -5/38 HPs)
             Began as an Octopode Artificer on Dec 30, 2020.
             Killed by divine providence
             ... invoked by an orc priest
              (15 damage)
             ... on level 3 of the Dungeon.
             The game lasted 00:02:22 (2028 turns).

dickylongcocking the Charlatan (Octopode Artificer) Turns: 2028, Time: 00:02:24

Health: -5/38      AC:  1    Str:  8 (11) XL:     6   Next: 20%
Magic:  6/6        EV: 13    Int: 11 (14) God:
Gold:   120        SH:  4    Dex: 12 (14) Spells: 5/5 levels left

rFire    . . .     SeeInvis .   k - +2 dagger (venom)
rCold    . . .     Faith    .   p - +0 buckler
rNeg     . . .     Spirit   .   (helmet restricted)
rPois    .         Reflect  .   (no amulet)
rElec    .         Harm     .   (no ring)
rCorr    .         Rampage  .   (no ring)
Will     .....                  (no ring)
Stlth    +++.......             (no ring)
HPRegen  0.12/turn              (no ring)
MPRegen  0.10/turn              (no ring)
                                (no ring)
                                (no ring)

@: no status effects
A: almost no armour, stealthy swim, amphibious, 8 rings, constrict 8, camouflage
1, gelatinous body 1
a: no special abilities


You were on level 3 of the Dungeon.
You visited 1 branch of the dungeon, and saw 3 of its levels.

You collected 120 gold pieces.

Inventory:

Hand Weapons
 a - a +0 club
 k - a +2 dagger of venom (weapon)
Armour
 p - a +0 buckler (worn)
Jewellery
 u - a +6 ring of strength {unknown}
Wands
 b - a wand of flame (14) (quivered)
 c - a wand of enslavement (15)
 d - a wand of random effects (15)
 r - a wand of digging (4)
Scrolls
 e - a scroll of fear {unknown}
 f - a scroll of enchant weapon {unknown}
 g - 3 scrolls of identify {unknown}
 j - a scroll of teleportation {unknown}
 n - a scroll of magic mapping {unknown}
 t - a scroll of amnesia {unknown}
Potions
 h - a potion of degeneration
 i - a potion of attraction {unknown}
 l - 2 potions of might {unknown}
 m - 3 potions of invisibility {unknown}
 o - 2 potions of cancellation {unknown}
 q - 3 potions of heal wounds {unknown}
 s - a potion of mutation {unknown}


   Skills:
 - Level 1.0 Fighting
 * Level 2.6 Short Blades
 - Level 2.3 Dodging
 * Level 4.0 Stealth
 * Level 2.2 Shields
 * Level 5.2 Evocations


You had 5 spell levels left.
You didn't know any spells.
Your spell library contained the following spells:

 Spells                   Type           Power        Failure   Level
 Corona                   Hex            0%           41%         1
 Ensorcelled Hibernation  Hex/Ice        0%           54%         2
 Confusing Touch          Hex            0%           78%         3
 Dazzling Flash           Conj/Hex       0%           78%         3
 Tukima's Dance           Hex            0%           78%         3


Dungeon Overview and Level Annotations

Branches:
Dungeon (3/15)

Altars:


Innate Abilities, Weirdness & Mutations

You cannot wear most types of armour.
You are very stealthy in the water. (Stealth+)
You are amphibious.
You can wear up to eight rings at the same time.
You can use your tentacles to constrict eight enemies at once.
Your skin changes colour to match your surroundings (Stealth+).
Your rubbery body absorbs attacks. (AC +1, EV +1)


Message History

Press: ? - help, v - describe, . - travel, g - get item
Here: an orc, wielding a +0 short sword of freezing (lightly wounded, very poisoned)
Items here: a +0 hand axe; an orc corpse; an orc corpse.
The floor.
Unknown command.
You hit the orc.
The orc looks as sick as possible!
You grab the orc.
The orc is heavily wounded.
You constrict the orc.
The orc priest invokes the aid of Beogh against you.
Beogh smites you!
* * * LOW HITPOINT WARNING * * *
The orc barely misses you.
It was a potion of degeneration.
There was something very wrong with that liquid.
You feel weakened.
You feel dopey.
You feel clumsy.
You constrict the orc.
You kill the orc!
The orc priest mumbles some strange prayers to Beogh against you.
Beogh smites you!
You die...

########.#
#.@)oo..# .#
####.######.#
.. ..#.# ..
#.#.# #.
#.#.######
#..##..........
#.<...#######
##..### ##..#


You could see an orc priest and an orc.

Vanquished Creatures
  Sigmund (D:2)
  3 adders (D:2)
  An ooze (D:2)
  2 worms (D:2)
  2 leopard geckos
  3 orcs (D:3)
  7 giant cockroaches
  6 goblins
  6 hobgoblins
  6 jackals
  11 bats
  6 frilled lizards
  7 kobolds
  6 rats
67 creatures vanquished.

Notes
Turn   | Place    | Note
-------+----------+-------------------------------------------
     0 | D:1      | dickylongcocking the Octopode Artificer began the quest for
                  | the Orb.
     0 | D:1      | Reached XP level 1. HP: 13/13 MP: 1/1
   367 | D:1      | Reached XP level 2. HP: 18/18 MP: 2/2
   383 | D:1      | Reached skill level 4 in Evocations
   953 | D:1      | Reached XP level 3. HP: 23/23 MP: 3/3
  1102 | D:1      | Reached skill level 1 in Short Blades
  1365 | D:2      | Reached XP level 4. HP: 21/28 MP: 4/4
  1636 | D:2      | Reached skill level 1 in Shields
  1699 | D:2      | Noticed Sigmund
  1707 | D:2      | Killed Sigmund
  1708 | D:2      | Reached skill level 5 in Evocations
  1708 | D:2      | Reached XP level 5. HP: 33/33 MP: 5/5
  1708 | D:2      | Reached XP level 6. HP: 38/38 MP: 6/6
  2028 | D:3      | Killed from afar by an orc priest

Illustrated notes

Levels and vault maps discovered:
D:1:      enne_arrival_octagon_isle, layout_basic
D:2:      minmay_diamond_boxcup, layout_rooms, uniq_sigmund
D:3:      layout_loops_ring, uniq_terence

Skill      XL: |  1  2  3  4  5  6 |
---------------+-------------------+-----
Evocations     | 4 5 |  5.2
Short Blades   | 1 2 |  2.6
Stealth        | 2 3 4 |  4.0
Shields        | 2 |  2.2
Fighting       | |  1.0
Dodging        | |  2.3

Action                   |  1- 3 |  4- 6 || total
-------------------------+-------+-------++-------
Melee: Club              |    30 |       ||    30
       Constrict         |    20 |     9 ||    29
       Tentacles         |    11 |     4 ||    15
       Dagger            |    46 |    44 ||    90
Evoke: Wand              |     1 |       ||     1
  Use: Potion            |       |     1 ||     1
 Stab: Sleeping          |    12 |     9 ||    21
Armor: Skin              |     9 |     5 ||    14
Dodge: Dodged            |    64 |    14 ||    78
Block: Buckler           |       |     6 ||     6

Table legend: (Time is in decaauts)
 A = Elapsed time spent in this place.
 B = Non-inter-level travel time spent in this place.
 C = Inter-level travel time spent in this place.
 D = Time resting spent in this place.
 E = Time spent auto-exploring this place.
 F = Levels seen in this place.
 G = Mean time per level.
                   A        B        C        D        E       F      G
               +--------+--------+--------+--------+--------+-----+--------+
         Total |   2030 |   1980 |     50 |      0 |   1569 |   3 |  676.7 |
       Dungeon |   2030 |   1980 |     50 |      0 |   1569 |   3 |  676.7 |
               +--------+--------+--------+--------+--------+-----+--------+

Top non-repeatable levels by time:
     D:1: 1337 daAuts
     D:2: 677 daAuts
     D:3: 14 daAuts
